Map: Ascension to Aiur LE

Players

Solar - Winner!

  • Race: Zerg Zerg
  • Spawn Location: 5:00

Zest

  • Race: Protoss Protoss
  • League: Master
  • Spawn Location: 11:00

Event: HomeStory Cup XVI

VOD

Have the link to the VOD?

Description

Time

  • Played on: Nov. 11, 2017, 2:36 p.m.
  • Length: 9:28

All games in this series

Show
View Real Time Build Order
Export as new Build Order

Solar Zerg - Winner!

Build Orders: Hatch First, Lurkers 

Get SALT Encoding   

  12  0:00  Drone  
  13  0:12  Overlord  
  13  0:16  Drone  
  14  0:30  Drone  
  14  0:31  Drone  
  14  0:34  Drone  
  17  0:51  Hatchery  
  17  0:55  Drone  
  17  0:57  Drone  
  18  1:05  Extractor  
  17  1:13  Spawning Pool  
  17  1:17  Drone  
  17  1:19  Drone  
  18  1:27  Drone  
  19  1:38  Drone  
  20  1:48  Overlord  
  20  1:59  Queen  
  22  2:02  Queen  
  22  2:03  Zergling x2  
  22  2:05  Metabolic Boost  
  22  2:08  Drone  
  26  2:12  Drone  
  26  2:14  Drone  
  28  2:22  Drone  
  29  2:24  Zergling x2  
  30  2:38  Hatchery  
  30  2:41  Drone  
  30  2:48  Pneumatized Carapace, Drone  
  31  2:53  Zergling x4  
  31  2:57  Overlord  
  33  3:00  Zergling x2  
  33  3:04  Drone  
  35  3:08  Drone  
  36  3:15  Queen  
  36  3:17  Drone x3  
  41  3:23  Drone  
  41  3:24  Spore Crawler  
  41  3:26  Drone  
  42  3:29  Spore Crawler  
  42  3:33  Overlord  
  41  3:40  Drone x2  
  43  3:44  Drone  
  44  3:50  Overlord  
  44  3:52  Drone x5  
  49  3:57  Queen  
  51  4:02  Overlord  
  51  4:06  Drone x2  
  53  4:10  Lair  
  53  4:14  Drone x2  
  53  4:16  Drone  
  56  4:18  Drone x2  
  56  4:21  Spore Crawler  
  57  4:27  Evolution Chamber, Drone, Extractor x2  
  57  4:28  Drone  
  56  4:32  Drone x2  
  56  4:34  Overlord  
  57  4:39  Baneling Nest  
  57  4:40  Drone x2  
  57  4:43  Zergling x2  
  57  4:44  Zergling x2  
  59  4:46  Drone x2  
  59  4:49  Drone x2  
  59  4:51  Drone x2  
  65  4:54  Extractor  
  65  4:55  Overlord  
  65  4:57  Drone  
  65  4:58  Drone  
  67  5:00  Drone  
  67  5:02  Drone x2  
  70  5:09  Hydralisk Den  
  70  5:10  Drone x3  
  70  5:13  Extractor  
  70  5:14  Zergling x6  
  74  5:22  Spine Crawler  
  74  5:23  Zergling x12  
  74  5:26  Zergling x6  
  82  5:33  Overlord  
  82  5:35  Overlord  
  82  5:38  Overlord  
  82  5:42  Overlord  
  81  5:45  Overlord  
  81  5:47  Overlord  
  80  5:51  Queen  
  80  5:53  Queen  
  80  5:54  Hydralisk x2  
  80  5:56  Zergling x2  
  83  5:58  Zergling x6  
  83  6:04  Hydralisk x2  
  80  6:09  Zergling x6  
  82  6:14  Muscular Augments  
  82  6:16  Zergling x2  
  81  6:18  Hydralisk  
  81  6:23  Hydralisk  
  84  6:28  Drone x3  
  84  6:31  Drone  
  88  6:33  Drone  
  88  6:39  Drone  
  90  6:42  Zerg Missile Weapons Level 1  
  90  6:43  Drone x2  
  92  6:48  Drone  
  92  6:49  Lurker Den  
  92  6:53  Drone x2  
  93  6:59  Drone  
  93  7:01  Drone x3  
  97  7:02  Hydralisk x3  
  97  7:04  Drone x2  
  97  7:05  Drone  
  97  7:06  Drone  
  97  7:08  Hydralisk  
  109  7:10  Overseer  
  109  7:12  Overlord  
  109  7:15  Overlord  
  109  7:18  Hydralisk  
  111  7:26  Drone x2  
  111  7:28  Drone  
  114  7:31  Hydralisk  
  114  7:32  Hydralisk x2  
  114  7:34  Overlord  
  114  7:35  Hydralisk  
  122  7:38  Extractor, Hydralisk x2  
  122  7:43  Hydralisk x2  
  129  7:46  Hydralisk x2  
  129  7:48  Zergling x2  
  134  7:51  Overlord  
  134  7:53  Zergling x4  
  136  7:58  Overlord  
  135  8:07  Overlord  
  135  8:08  Hydralisk x3  
  141  8:15  Lurker x5  
  141  8:16  Lurker  
  141  8:18  Zergling x8  
  149  8:21  Zergling x6  
  149  8:24  Overseer  
  149  8:26  Hydralisk  
  138  8:35  Zergling x10  
  138  8:41  Lurker  
  133  8:46  Lurker x2, Hydralisk  
  134  8:49  Hydralisk  
  134  8:52  Zergling x8  
  135  8:57  Hydralisk x2  
  136  9:06  Zergling x4  
Show
View Real Time Build Order
Export as new Build Order

Zest Protoss 

Build Orders: 1 Gate Expand, Oracle Opening, Phoenix Opening 

Get SALT Encoding   

  12  0:02  Probe (Chrono Boost)  
  14  0:14  Probe (Chrono Boost)  
  14  0:18  Pylon  
  14  0:26  Probe (Chrono Boost)  
  15  0:32  Probe (Chrono Boost)  
  15  0:41  Probe (Chrono Boost)  
  15  0:42  Gateway  
  17  0:50  Assimilator  
  17  0:53  Probe (Chrono Boost)  
  19  1:05  Probe (Chrono Boost)  
  19  1:17  Probe (Chrono Boost)  
  20  1:25  Nexus  
  20  1:35  Cybernetics Core  
  21  1:40  Probe (Chrono Boost)  
  21  1:44  Assimilator  
  21  1:53  Probe (Chrono Boost), Pylon  
  22  2:01  Adept  
  22  2:05  Probe (Chrono Boost)  
  26  2:17  Probe (Chrono Boost), Stargate  
  26  2:20  Adept  
  26  2:26  Warp Gate  
  26  2:29  Probe (Chrono Boost)  
  30  2:39  Probe (Chrono Boost)  
  30  2:41  Probe (Chrono Boost)  
  31  2:50  Oracle  
  31  2:51  Probe (Chrono Boost)  
  34  2:53  Probe (Chrono Boost)  
  34  2:58  Pylon  
  33  3:03  Probe (Chrono Boost)  
  33  3:05  Probe (Chrono Boost)  
  38  3:15  Probe (Chrono Boost)  
  38  3:17  Phoenix, Probe (Chrono Boost)  
  43  3:27  Probe (Chrono Boost)  
  43  3:29  Probe (Chrono Boost)  
  43  3:31  Gateway  
  43  3:32  Gateway  
  44  3:39  Probe (Chrono Boost)  
  46  3:41  Probe (Chrono Boost)  
  46  3:43  Twilight Council  
  46  3:49  Pylon  
  46  3:50  Resonating Glaives  
  46  3:51  Probe (Chrono Boost)  
  46  3:52  Assimilator  
  46  3:55  Probe (Chrono Boost)  
  49  4:02  Assimilator  
  49  4:03  Probe (Chrono Boost)  
  49  4:07  Probe (Chrono Boost)  
  50  4:15  Probe (Chrono Boost)  
  50  4:16  Pylon  
  51  4:19  Probe (Chrono Boost)  
  52  4:27  Probe (Chrono Boost)  
  52  4:29  Adept x2  
  52  4:30  Adept  
  59  4:32  Pylon  
  59  4:37  Probe (Chrono Boost)  
  60  4:45  Nexus  
  60  4:52  Adept x3  
  66  4:55  Pylon  
  66  4:59  Pylon  
  66  5:13  Adept x3  
  72  5:16  Probe x2 (Chrono Boost)  
  74  5:26  Robotics Facility  
  74  5:27  Robotics Facility  
  74  5:32  Forge  
  74  5:33  Probe (Chrono Boost)  
  74  5:34  Probe (Chrono Boost)  
  76  5:45  Probe (Chrono Boost)  
  76  5:47  Probe (Chrono Boost)  
  75  5:58  Probe (Chrono Boost)  
  75  5:59  Probe (Chrono Boost)  
  75  6:03  Probe (Chrono Boost)  
  77  6:10  Probe (Chrono Boost)  
  79  6:11  Probe (Chrono Boost)  
  79  6:15  Protoss Ground Weapons Level 1  
  79  6:16  Immortal x2, Probe (Chrono Boost)  
  88  6:22  Probe (Chrono Boost), Robotics Bay  
  88  6:24  Assimilator  
  89  6:27  Sentry x3  
  89  6:29  Assimilator  
  89  6:32  Probe x2 (Chrono Boost)  
  97  6:33  Gateway  
  97  6:37  Gateway  
  97  6:38  Pylon  
  97  6:45  Colossus x2  
  97  6:48  Gateway  
  97  6:51  Probe x2 (Chrono Boost)  
  97  6:52  Gateway  
  99  7:03  Gateway, Sentry x2  
  103  7:09  Extended Thermal Lance  
  117  7:30  Pylon  
  117  7:32  Warp Prism, Pylon x2  
  117  7:49  Adept  
  117  7:50  Adept x5  
  129  8:08  Stalker x2  
  93  8:42  Stalker x3  
  93  8:44  Adept  
  93  8:45  Adept x4  
  107  8:59  Observer x2  
Tags
 
Add a new tag
Caveats
  • Supply blocks, unpowered buildings, or Contaminate may cause inaccurate times.
  • Supply counts are checked every 10 seconds.